 Dungeon Crawl Stone Soup version 0.32-a0-612-g1c984fe9d1 (webtiles) character file.

Game seed: 10218619579928328512

296 ezpacito the Chopper (level 6, 0/48 HPs)
             Began as a Coglin Chaos Knight on Mar 5, 2024.
             Was a Plaything of Xom.
             Slain by Grinder (5 damage)
             ... on level 4 of the Dungeon.
             The game lasted 00:04:30 (2470 turns).

ezpacito the Chopper (Coglin Chaos Knight)          Turns: 2470, Time: 00:04:31

Health: 0/48       AC:  7    Str: 14    XL:     6   Next: 35%
Magic:  7/7        EV: 12    Int: 15    God:    Xom [..*...]
Gold:   179        SH:  4    Dex: 12    Spells: 7/7 levels left

rFire   . . .        a - +0 hand axe (chaos) {Nari}
rCold   . . .        e - +0 dagger (venom) {Mei}
rNeg    . . .        b - +2 leather armour
rPois   .            (no helmet)
rElec   .            k - +0 cloak
rCorr   .            c - +0 pair of gloves
SInv    .            (no boots)
Will    .....        (amulet unavailable)
Stlth   +            (ring unavailable)
HPRegen 0.28/turn    (ring unavailable)
MPRegen 0.10/turn    (no gizmo)

%: no passive effects
@: attractive, revved
A: off-hand wielding, slow wielding, warmup strikes, no jewellery, large bone
plates 1, clever 1, wild magic 1, evolution 1
a: Invent Gizmo, Renounce Religion


You were on level 4 of the Dungeon.
You worshipped Xom.
You were a toy of Xom.
You visited 1 branch of the dungeon, and saw 4 of its levels.

You collected 179 gold pieces.

Inventory:

Hand Weapons
 a - a +0 hand axe of chaos (weapon) {Nari}
 e - a +0 dagger of venom (offhand) {Mei}
 h - a +0 spear
Missiles
 j - 4 datura-tipped darts
 p - 5 boomerangs
Armour
 b - a +2 leather armour (worn)
 c - a +0 pair of gloves (worn)
 k - a +0 cloak (worn)
 n - a +0 plate armour
Talismans
 i - a blade talisman
 m - a beast talisman
Potions
 f - a potion of berserk rage


   Skills:
 * Level 3.9 Fighting
 * Level 4.0(4.2) Axes
 + Level 1.3(2.7) Polearms
 * Level 2.7 Armour
 * Level 2.4 Dodging
 + Level 1.5 Stealth
 + Level 1.1 Spellcasting
 + Level 0.7 Evocations


You had 7 spell levels left.
You didn't know any spells.
Your spell library contained the following spells:

 Spells                   Type           Power      Damage    Failure   Level
 Apportation              Tloc           2%         N/A       38%         1
 Kiss of Death            Conj/Necr      4%         2d5       38%         1
 Necrotise                Necr           4%         1d4       38%         1
 Shock                    Conj/Air       4%         1d3       38%         1
 Sting                    Conj/Alch      4%         1d3       38%         1
 Summon Small Mammal      Summ           4%         N/A       38%         1
 Confusing Touch          Hex            1%         N/A       73%         3
 Swiftness                Air            1%         N/A       73%         3
 Volatile Blastmotes      Fire/Tloc      2%         2d10      73%         3
 Airstrike                Air            0%         2d(1-17)  98%         4
 Dispel Undead            Necr           1%         3d6       98%         4
 Fulminant Prism          Conj/Alch      0%         3d5       98%         4
 Iskenderun's Mystic Bla  Conj/Tloc      1%         2d3       98%         4


Dungeon Overview and Level Annotations

Branches:
Dungeon (4/15)
 Temple: D:4-7

Altars:
The Shining One

Annotations:
D:4 Grinder


Innate Abilities, Weirdness & Mutations

You can wield a second weapon in your off-hand.
It takes a long time for you to wield or remove held weapons.
Your first few attacks do less damage.
You cannot equip rings or amulets.
You are partially covered in large bone plates. (SH +4)
Your mind is acute. (Int +4, Str/Dex -1)
Your spells are a little harder to cast, but a little more powerful.
You have hidden genetic potential.


Message History

You closely miss Grinder with your +0 hand axe of chaos.
Grinder is severely wounded.
You closely miss Grinder with your +0 dagger of venom.
Grinder gestures at you. You resist with significant effort.
You barely miss Grinder with your +0 hand axe of chaos.
Grinder is almost dead.
You hit Grinder but do no damage. Grinder hits you.
You writhe in agony.
* * * LOW HITPOINT WARNING * * *
You take 7 damage, and have 12/48 hp.
You hit Grinder but do no damage.
Grinder is almost dead.
You hit Grinder but do no damage.
Grinder says, "Mostly I couldn't keep them alive."
Grinder gestures at you. Pain shoots through your body!
* * * LOW HITPOINT WARNING * * *
You take 9 damage, and have 3/48 hp.
You hit Grinder with your +0 dagger of venom.
Grinder is almost dead.
You closely miss Grinder with your +0 hand axe of chaos.
You block Grinder's attack.
You hit Grinder with your +0 dagger of venom.
Grinder is almost dead.
You closely miss Grinder with your +0 hand axe of chaos.
Grinder closely misses you.
You closely miss Grinder with your +0 hand axe of chaos.
Grinder is almost dead.
You hit Grinder but do no damage. Grinder gestures at you.
You suddenly lose the ability to move!
Grinder gestures at you.
You barely resist.
You can move again.
You barely miss Grinder with your +0 hand axe of chaos.
Grinder is almost dead.
You hit Grinder but do no damage. Grinder hits you.
You die...
Grinder says, "Hey, I wasn't done torturing you yet!" "I guess I need a new plaything now."

#.###...##.#
#.# #.#
##.....# #.#
#.# #.##..#
#.# #.# #.#
..# #.# #.#
.#. .# #.#
#.. .# # .#
#.# ### # #
#.# #5# #@#
#.# #.# #.#
#.# ... ∆
##### ∆


You could see Grinder (poisoned).

Vanquished Creatures
  A wolf (D:3)
  An orc priest (D:3)
  Natasha (thrice) (D:2)
  3 gnolls (D:3)
  An adder (D:2)
  A dart slug (D:1)
  A ribbon worm (D:4)
  4 orcs (D:3)
  6 ball pythons
  An endoplasm (D:2)
  3 giant cockroaches
  6 goblins
  3 hobgoblins
  7 jackals
  5 quokkas
  5 bats
  4 frilled lizards
  8 kobolds
  7 rats
70 creatures vanquished.

Notes
Turn   | Place    | Note
-------+----------+-------------------------------------------
     0 | D:1      | ezpacito the Coglin Chaos Knight began the quest for the
                  | Orb.
     0 | D:1      | Reached XP level 1. HP: 18/18 MP: 1/1
    48 | D:1      | XOM: potion effect (heal wounds)
    50 | D:1      | Reached skill level 1 in Dodging
    50 | D:1      | Reached XP level 2. HP: 24/24 MP: 2/2
   528 | D:1      | Reached XP level 3. HP: 29/29 MP: 3/3
   708 | D:2      | Found a glowing golden altar of the Shining One.
   898 | D:2      | Noticed Natasha
   903 | D:2      | XOM: silly message
   905 | D:2      | Killed Natasha
   906 | D:2      | Reached XP level 4. HP: 28/35 MP: 4/4
  1080 | D:2      | Noticed Natasha
  1087 | D:2      | XOM: silly message
  1090 | D:2      | XOM: potion effect (haste)
  1095 | D:2      | Killed Natasha
  1096 | D:2      | Reached skill level 1 in Stealth
  1261 | D:2      | XOM: 6-stop teleportation journey
  1509 | D:2      | XOM: noise
  1548 | D:2      | Noticed Natasha
  1553 | D:2      | Killed Natasha
  1554 | D:2      | Reached skill level 1 in Polearms
  1554 | D:2      | Reached XP level 5. HP: 34/41 MP: 6/6
  1641 | D:3      | XOM is BORED!
  1641 | D:3      | XOM: 1-stop teleportation journey
  1713 | D:3      | Found a faded altar of an unknown god.
  1720 | D:3      | a gnoll changed into a wolf
  1720 | D:3      | Noticed a wolf
  1768 | D:3      | Killed a wolf
  1769 | D:3      | Reached skill level 1 in Spellcasting
  1769 | D:3      | Reached XP level 6. HP: 18/48 MP: 7/7
  1772 | D:3      | Reached skill level 4 in Axes
  1939 | D:3      | XOM: give mutation
  1939 | D:3      | Gained mutation: Your spells are a little harder to cast,
                  | but a little more powerful. [Xom's mischief]
  2176 | D:3      | XOM: give mutations
  2176 | D:3      | Gained mutation: You have hidden genetic potential. [Xom's
                  | mischief]
  2176 | D:3      | Gained mutation: Your mind is acute. (Int +4, Str/Dex -1)
                  | [Xom's mischief]
  2176 | D:3      | Gained mutation: You are partially covered in large bone
                  | plates. (SH +4) [Xom's mischief]
  2352 | D:4      | XOM: silly message
  2402 | D:4      | Noticed Grinder
  2403 | D:4      | XOM: confusion
  2413 | D:4      | XOM: divination: detect items
  2449 | D:4      | Paralysed by Grinder for 5 turns
  2456 | D:4      | Paralysed by Grinder for 3 turns
  2468 | D:4      | Paralysed by Grinder for 2 turns
  2470 | D:4      | Slain by Grinder

Illustrated notes

Levels and vault maps discovered:
D:1:      minmay_arrival_four_loops, layout_basic
D:2:      layout_loops_ring, basic_altar, uniq_natasha
D:3:      layout_rooms, ebering_ecumenical_altar_ruins
D:4:      layout_loops_ring, overflow_temple_1_default, nicolae_custom_books,
          uniq_grinder

Skill      XL: |  1  2  3  4  5  6 |
---------------+-------------------+-----
Dodging        | 1 2 |  2.4
Armour         | 2 |  2.7
Stealth        | 1 |  1.5
Polearms       | 1 |  1.3
Spellcasting   | 1 |  1.1
Axes           | 4 |  4.0
Fighting       | |  3.9
Evocations     | |  0.7

Action                     |  1- 3 |  4- 6 || total
---------------------------+-------+-------++-------
  Melee: Hand axe          |    56 |    91 ||   147
         Dagger            |    53 |    82 ||   135
  Evoke: Wand              |       |     9 ||     9
    Use: Scroll            |       |     6 ||     6
         Potion            |       |    10 ||    10
   Stab: Sleeping          |     1 |       ||     1
         Invisible         |       |     1 ||     1
 Armour: Leather armour    |    35 |    50 ||    85
         Skin              |       |    42 ||    42
  Dodge: Dodged            |    35 |    67 ||   102
  Block: Other             |       |     3 ||     3

Table legend: (Time is in decaauts)
 A = Elapsed time spent in this place.
 B = Non-inter-level travel time spent in this place.
 C = Inter-level travel time spent in this place.
 D = Time resting spent in this place.
 E = Time spent auto-exploring this place.
 F = Levels seen in this place.
 G = Mean time per level.
                   A        B        C        D        E       F      G
               +--------+--------+--------+--------+--------+-----+--------+
         Total |   2484 |   2279 |    205 |    167 |   1519 |   4 |  621.0 |
       Dungeon |   2484 |   2279 |    205 |    167 |   1519 |   4 |  621.0 |
               +--------+--------+--------+--------+--------+-----+--------+

Top non-repeatable levels by time:
     D:2: 1008 daAuts
     D:3: 689 daAuts
     D:1: 552 daAuts
     D:4: 234 daAuts
